 Dungeon Crawl Stone Soup version 0.31-a0-1227-g0136665373 (webtiles) character file.

Game seed: 17771357329738303857

329796 RepHenryClay the Tortoise (level 20, -7/162 HPs)
             Began as a Demigod Shapeshifter on Dec 14, 2023.
             Killed from afar by Nikola (60 damage)
             ... with an arc of chain lightning
             ... on level 4 of the Spider Nest on Dec 15, 2023.
             The game lasted 02:40:29 (53901 turns).

RepHenryClay the Tortoise (Demigod Shapeshifter)   Turns: 53901, Time: 02:40:29

Health: -7/162     AC: 34    Str: 23    XL:     20   Next: 30%
Magic:  19/24      EV: 22    Int: 16    God:
Gold:   2075       SH:  7    Dex: 29    Spells: 7/19 levels left

rFire   + . .        a - +9 demon whip (venom)
rCold   + + .        t - +0 buckler
rNeg    + + .        T - +8 chain mail of Pride {rPois}
rPois   +            N - +1 helmet of Limited Liability {Int+4}
rElec   +            B - +1 cloak "Maapt" {rC+ rN+ Regen+ Stlth+}
rCorr   +            l - +1 pair of gloves
SInv    .            R - +1 pair of boots {Fly}
Will    ++...        L - amulet of Saggaely {rPois rC+ Regen+}
Stlth   +            Z - ring of protection from fire
HPRegen 2.07/turn    V - ring of Bemube {rElec rN+ rCorr}
MPRegen 0.19/turn

%: no passive effects
@: untranslocatable, immotile, flying, very slightly contaminated
A: high MP 1, forlorn, divine attributes
}: 1/15 runes: decaying
a: no special abilities


You were on level 4 of the Spider Nest.
You visited 9 branches of the dungeon, and saw 41 of its levels.
You also visited: Ossuary and Ice Cave.

You collected 5912 gold pieces.
You spent 3837 gold pieces at shops.

Inventory:

Hand Weapons
 a - a +9 demon whip of venom (weapon)
 b - a +6 eveningstar of holy wrath
 w - the +11 war axe "Peirgh" {flame, rF+ rC+ Str+2 Dex+3}
   (You found it on level 12 of the Dungeon)

   Str+2:     It affects your strength (+2).
   Dex+3:     It affects your dexterity (+3).
   rF+:       It protects you from fire.
   rC+:       It protects you from cold.
Missiles
 h - 12 poisoned darts (quivered)
 v - 2 throwing nets
 J - 8 javelins
Armour
 l - a +1 pair of gloves (worn)
 t - a +0 buckler (worn)
 B - the +1 cloak "Maapt" (worn) {rC+ rN+ Regen+ Stlth+}
   (You found it on level 1 of the Spider Nest)

   rC+:       It protects you from cold.
   rN+:       It protects you from negative energy.
   Regen+:    It increases your rate of health regeneration.
   Stlth+:    It makes you more stealthy.
 N - the +1 helmet of Limited Liability (worn) {Int+4}
   (You bought it in a shop on level 1 of the Elven Halls)

   Int+4:     It affects your intelligence (+4).
 R - a +1 pair of boots of flying (worn)
 T - the +8 chain mail of Pride (worn) {rPois}
   (You bought it in a shop on level 7 of the Dungeon)

   rPois:     It protects you from poison
Jewellery
 d - the ring "Ijiedeodu" {rPois rN+ rCorr Str+8 Dex-4}
   (You found it on level 3 of the Crypt)

   [ring of positive energy]

   Str+8:     It affects your strength (+8).
   Dex-4:     It affects your dexterity (-4).
   rPois:     It protects you from poison rN+: It protects you from negative
   energy.
   rCorr:     It protects you from acid and corrosion.
 f - the ring "Fomp" {rC+ rN+ Int+3}
   (You found it on level 3 of the Crypt)

   [ring of positive energy]

   Int+3:     It affects your intelligence (+3).
   rC+:       It protects you from cold.
   rN+:       It protects you from negative energy.
 D - a +4 ring of slaying
 H - the ring "Poling" {Fly rC+}
   (You found it on level 14 of the Dungeon)

   [ring of flight]

   rC+:       It protects you from cold.
   Fly:       It grants you flight.
 K - a +5 ring of evasion
 L - the amulet of Saggaely (around neck) {rPois rC+ Regen+}
   (You bought it in a shop on level 9 of the Dungeon)

   [amulet of regeneration]

   rC+:       It protects you from cold.
   rPois:     It protects you from poison Regen+: It increases your rate of
   health regeneration.
 U - the ring "Xeamnien" {rC+ Will+ MP+9 Str+3}
   (You found it on level 3 of the Crypt)

   [ring of magical power]

   Str+3:     It affects your strength (+3).
   rC+:       It protects you from cold.
   Will+:     It increases your willpower.
   MP+9:      It affects your magic capacity (+9).
 V - the ring of Bemube (right hand) {rElec rN+ rCorr}
   (You found it on level 3 of the Crypt)

   [ring of positive energy]

   rElec:     It insulates you from electricity.
   rN+:       It protects you from negative energy.
   rCorr:     It protects you from acid and corrosion.
 Z - a ring of protection from fire (left hand)
Wands
 o - a wand of quicksilver (5)
 q - a wand of roots (24)
 z - a wand of charming (10)
 C - a wand of mindburst (34)
 I - a wand of digging (12)
Scrolls
 e - 5 scrolls of blinking
 g - 5 scrolls of teleportation
 i - 2 scrolls of fog
 u - 2 scrolls of fear
 y - 4 scrolls of poison
 A - 8 scrolls of amnesia
 E - 3 scrolls of immolation
 P - 2 scrolls of silence
 Q - 2 scrolls of enchant armour
 S - a scroll of revelation
 W - a scroll of torment
Potions
 c - a potion of resistance
 j - 3 potions of mutation
 k - 5 potions of brilliance
 m - 6 potions of might
 n - 2 potions of invisibility
 p - 15 potions of curing
 r - 12 potions of attraction
 s - 4 potions of ambrosia
 x - 5 potions of magic
 F - 8 potions of enlightenment
 M - 2 potions of heal wounds
 O - a potion of berserk rage
 X - 3 potions of haste
 Y - a potion of cancellation
Miscellaneous
 G - a condenser vane (inert)


   Skills:
 - Level 10.5 Fighting
 - Level 16.0 Maces & Flails
 - Level 10.0 Throwing
 - Level 18.9 Armour
 + Level 15.5 Dodging
 - Level 5.0 Shields
 - Level 5.0 Unarmed Combat
 + Level 10.7 Translocations
 - Level 8.0 Air Magic
 - Level 8.0 Evocations
 - Level 6.2 Shapeshifting


You had 7 spell levels left.
You knew the following spells:

 Your Spells              Type           Power      Damage    Failure   Level
a - Vhi's Electric Charg  Tloc/Air       58%        N/A       21%         4
b - Lesser Beckoning      Tloc           68%        N/A       1%          2
c - Manifold Assault      Tloc           34%        N/A       12%         4
Q - Blink                 Tloc           68%        N/A       1%          2

Your spell library contained the following spells:

 Spells                   Type           Power      Damage    Failure   Level
 Gell's Gravitas          Tloc           34%        N/A       3%          3
 Teleport Other           Tloc           34%        N/A       3%          3
 Swiftness                Air            25%        N/A       11%         3
 Shock                    Conj/Air       48%        1d6       19%         1
 Volatile Blastmotes      Fire/Tloc      34%        2d12      30%         3
 Airstrike                Air            12%        2d(2-18)  34%         4
 Cigotuvi's Dreadful Rot  Necr/Pois/Air  16%        N/A       43%         2
 Kiss of Death            Conj/Necr      0%         2d5       67%         1
 Necrotise                Necr           0%         1d4       67%         1
 Sandblast                Erth           0%         2d4       67%         1
 Slow                     Hex            0%         N/A       67%         1
 Summon Small Mammal      Summ           0%         N/A       67%         1
 Call Imp                 Summ           0%         N/A       80%         2
 Passwall                 Tmut/Erth      0%         N/A       80%         2
 Scorch                   Fire           0%         2d5       80%         2
 Sublimation of Blood     Necr           0%         N/A       80%         2
 Dispersal                Tloc           17%        N/A       87%         6
 Call Canine Familiar     Summ           0%         N/A       95%         3
 Dazzling Flash           Conj/Hex       0%         N/A       95%         3
 Frozen Ramparts          Ice            0%         1d1       95%         3
 Hailstorm                Conj/Ice       0%         3d5       95%         3
 Ignite Poison            Fire/Tmut/Pois 0%         N/A       95%         3
 Ozocubu's Armour         Ice            0%         N/A       95%         3
 Stone Arrow              Conj/Erth      0%         3d7       95%         3
 Summon Guardian Golem    Hex/Summ       0%         N/A       95%         3
 Vampiric Draining        Necr           0%         2d6       95%         3
 Arcjolt                  Conj/Air       6%         1d16      99%         5
 Silence                  Hex/Air        6%         N/A       99%         5
 Anguish                  Hex/Necr       0%         N/A       100%        4
 Animate Dead             Necr           0%         N/A       100%        4
 Brom's Barrelling Bould  Conj/Erth      0%         2d3       100%        4
 Cause Fear               Hex            0%         N/A       100%        4
 Flame Wave               Conj/Fire      0%         2d4       100%        4
 Petrify                  Tmut/Erth      0%         N/A       100%        4
 Summon Ice Beast         Ice/Summ       0%         N/A       100%        4
 Agony                    Necr           0%         N/A       100%        5
 Fireball                 Conj/Fire      0%         3d3       100%        5
 Freezing Cloud           Conj/Ice/Air   4%         6-21      100%        5
 Irradiate                Conj/Tmut      0%         3d11      100%        5
 Metabolic Englaciation   Hex/Ice        0%         N/A       100%        5
 Plasma Beam              Fire/Air       6%         2x1d16    100%        6
 Simulacrum               Ice/Necr       0%         N/A       100%        6
 Starburst                Conj/Fire      0%         6d3       100%        6
 Summon Cactus Giant      Summ           0%         N/A       100%        6
 Orb of Destruction       Conj           0%         9d5       100%        7
 Ozocubu's Refrigeration  Ice            0%         4d7       100%        7
 Spellforged Servitor     Conj/Summ      0%         N/A       100%        7
 Disjunction              Tloc           17%        N/A       100%        8
 Maxwell's Capacitive Co  Air            12%        ∞         100%        8
 Chain Lightning          Conj/Air       6%         3d8       100%        9
 Death's Door             Necr           0%         N/A       100%        9
 Dragon's Call            Summ           0%         N/A       100%        9
 Fire Storm               Conj/Fire      0%         5d1       100%        9
 Shatter                  Erth           0%         3d5*      100%        9


Dungeon Overview and Level Annotations

Branches:
Dungeon (15/15)            Temple (1/1) D:7            Lair (5/5) D:10
  Swamp (4/4) Lair:3       Spider (4/4) Lair:2        Slime (0/5) Lair:5
    Orc (2/2) D:9             Elf (3/3) Orc:2        Vaults (4/5) D:14
  Crypt (3/3) Vaults:2       Tomb (0/3) Crypt:3      Depths (0/4) D:15
Ossuary (visited)           IceCv (visited)

Shops:
D:2 *   D:3 (   D:4 *   D:7 ![=   D:8 *   D:9 =?(   D:15 :   Orc:2 =(=?
Elf:1 [   Elf:2 (

Portals:
Trove: Vaults:4 (give +3 storm dragon scales)

Annotations:
Spider:4 Nikola
Vaults:4 2 transporters


Innate Abilities, Weirdness & Mutations

You have an increased reservoir of magic. (+10% MP)
You shall have no god before yourself.
Your divine heritage dramatically boosts your attributes as you level up.


Message History

Charge where?
Press: ? - help, Dir - move target, f - Nikola
Aim: Nikola, wielding a +2 rapier of electrocution, wearing a +0 cloak and wearing a +1 pair of gloves (thunder, heavily wounded, extremely poisoned, 90% to hit)
You miscast Vhi's Electric Charge.
You are very lightly contaminated with residual magic.
The floor and the ceiling briefly switch places.
You are magically locked in place.
Casting: Vhi's Electric Charge (dangerous; 21% risk of failure)
Confirm with . or Enter, or press ? or * to list all spells.
Aiming: Lesser Beckoning (safe; 1% risk of failure)
Press: ? - help, Shift-Dir - straight line, f/p - Nikola
Aim: Nikola, wielding a +2 rapier of electrocution, wearing a +0 cloak and wearing a +1 pair of gloves (thunder, heavily wounded, extremely poisoned, 100% to hit)
Nikola hurls suddenly forward!
The jumping spider leaps!
Nikola warns, "If you see one of my golems, approach with caution, they bite."
Nikola completely misses you.
You whack Nikola!
Nikola is severely wounded.
You whack Nikola!
Nikola looks as sick as possible!
Nikola is severely wounded.
Nikola hits you but does no damage.
You whack Nikola!
Nikola is severely wounded.
You thrash Nikola!!
Nikola looks as sick as possible!
Nikola is almost dead.
Nikola gestures wildly while chanting.
Lightning arcs from Nikola's hands!
The bolt of lightning hits you!!! You resist.
* * * LOW HITPOINT WARNING * * *
A bolt of lightning appears from out of thin air!
The bolt of lightning hits Nikola.
Huge Dmg: -22%(-37hp) hp: 33%(52hp) Level annotation: Nikola Welcome back, RepHenryClay the Demigod Shapeshifter.
Press ? for a list of commands and other information.
You whack Nikola!
Nikola looks as sick as possible!
Nikola is almost dead.
Nikola mumbles some strange words.
Lightning arcs from Nikola's hands!
The bolt of lightning hits you!!! You resist.
You die...

....#####.......#†^..#..#....##....
.......^.....#.##^...#...##......[.
................#...##...(^.^......
..#........##.^..#..############...
###........#..^...###~~......~~##.^
##..##........^###~~~~....~~~~##.
###...^..#..#.##~~).~~~~~~.~~~##
.....##...^#~~....~~~~....~~#
........^..@~##############~†
...........§@.^# #.....
#.......##.#§.#§§..° #..... ......
#......§.... #...#.. .
.........#... ...^.^.. ###########
## ########


You could see Nikola (extremely poisoned).

Vanquished Creatures
  A dread lich (Crypt:3)
  An ancient lich (Crypt:3)
  Mara (Spider:4)
  Boris (Crypt:3)
  2 liches (Crypt:3)
  A titan (Vaults:3)
  3 sphinxes
  An ancient champion (Crypt:2)
  Frances (D:14)
  A shadow dragon (Vaults:4)
  Kirke (D:13)
  2 revenants
  A fenstrider witch (Swamp:4)
  4 ghost moths
  The ghost of JumbleTraveling the Prestidigitator, a journeyman GnAr of Cheibriados (Orc:2)
  7 vault wardens
  9 ironbound preservers
  11 ghouls
  4 curse skulls
  A juggernaut skeleton (Crypt:2)
  4 war gargoyles
  3 orc warlords
  2 very ugly things (IceCv)
  4 broodmothers
  4 ironbound thunderhulks
  3 vampire knights
  A formless jellyfish (Vaults:1)
  3 bunyips
  2 deep elf demonologists (Elf:1)
  3 eleionomae
  2 spark wasps
  6 dire elephants
  4 eidola
  A crystal guardian (Vaults:3)
  2 ettins
  Josephine (Swamp:1)
  5 jiangshi (Crypt:2)
  2 shambling mangroves (Swamp:4)
  6 entropy weavers
  12 yaktaur captains
  21 hydras
  Harold (D:11)
  2 ice dragons (D:15)
  14 vault guards
  A ghost crab (Swamp:4)
  11 great orbs of eyes
  2 peacekeepers
  7 ironbound frosthearts
  An ogre mage (Vaults:3)
  2 jorogumos
  10 alligators
  12 centaur warriors
  4 radroaches
  4 two-headed ogres
  5 boulder beetles
  25 dancing weapons
  A death yak (Lair:5)
  10 demonic crawlers
  3 vampire magi
  14 deep elf knights
  5 orc high priests
  The ghost of TransRights the Cleaver, a novice MiBe of Trog (D:8)
  A titan skeleton (Crypt:3)
  Amaemon (D:8)
  2 shadow wraiths
  12 skeletal warriors
  2 spectral death yaks (Lair:5)
  3 goliath frogs
  19 deep trolls
  5 spriggan druids
  4 pharaoh ants
  A spectral anaconda (Lair:5)
  7 orb spiders
  A sun moth (Spider:3)
  A death drake (shapeshifter) (Elf:1)
  6 bog bodies
  8 flayed ghosts (Crypt:3)
  9 swamp dragons
  8 steelbarb worms
  An orange crystal statue (IceCv)
  2 tengu zombies
  9 arcanists
  8 ironbound convokers
  An obsidian statue (Lair:5)
  5 lindwurms (Vaults:1)
  3 deep elf archers
  9 necromancers
  13 orc knights
  29 ugly things
  13 deep elf zephyrmancers
  Pikel (D:7)
  15 phantasmal warriors
  A harpy (shapeshifter) (D:13)
  A frost giant zombie (Vaults:3)
  19 wolf spiders
  2 cyclopes
  23 deep elf pyromancers
  A tengu skeleton (Vaults:3)
  5 orc sorcerers
  2 moths of wrath
  2 fire giant zombies (Vaults:2)
  A manticore (Lair:4)
  5 will-o-the-wisps
  9 vault sentinels
  7 fire giant skeletons (Crypt:3)
  3 black mambas
  A guardian serpent (D:11)
  6 torpor snails
  An orange demon (D:8)
  The ghost of Dynojp the Shield-Bearer, a novice FoFi of Nemelex Xobeh (D:5)
  17 elephants
  7 gargoyles
  Maggie (D:7)
  10 cane toads
  2 yaktaur zombies
  An orb spider zombie (Crypt:1)
  18 yaktaurs
  3 freezing wraiths
  5 rime drakes
  13 komodo dragons
  An anaconda simulacrum (IceCv)
  A naga skeleton (Crypt:3)
  3 guardian mummies (Crypt:3)
  Psyche (D:9)
  A minotaur skeleton (Crypt:2)
  A green draconian skeleton (Crypt:2)
  14 trolls
  3 meliai (Spider:3)
  3 polar bears
  2 hydra skeletons
  A polar bear (shapeshifter) (D:14)
  An alligator simulacrum (IceCv)
  13 hornets
  15 tarantellas
  8 tyrant leeches
  A mana viper skeleton (Crypt:1)
  13 blink frogs
  5 harpy skeletons
  A spectral elephant (Lair:5)
  A moth of wrath zombie (Crypt:2)
  18 dream sheep
  25 slime creatures
  An ettin zombie (Vaults:3)
  8 shadows
  3 flying skulls
  48 jumping spiders
  20 culicivoras
  9 fire dragon skeletons (Crypt:3)
  3 water elementals
  2 dire elephant simulacra
  58 yaks
  4 air elementals
  11 basilisks
  12 wraiths
  6 spriggans
  14 wyverns
  2 hogs (D:14)
  A steam dragon (D:9)
  2 death yak simulacra (Lair:5)
  56 redbacks
  5 vampire mosquitoes
  A human simulacrum (Vaults:3)
  A two-headed ogre zombie (Crypt:2)
  2 spectral cane toads (Lair:5)
  3 wargs
  A harpy simulacrum (IceCv)
  17 swamp worms
  An acid dragon (D:10)
  2 cane toad zombies
  A water nymph zombie (Crypt:2)
  6 water moccasins
  2 black bears
  25 orc warriors
  2 ice beasts
  A sky beast (shapeshifter) (D:14)
  2 sky beasts
  7 swamp drakes
  2 elephant zombies (Lair:5)
  14 ogres
  5 wolves (Lair:4)
  2 elephant skeletons
  A human skeleton (Vaults:3)
  15 centaurs
  2 human zombies
  Blork the orc (D:6)
  2 kobold brigands
  A salamander zombie (Crypt:2)
  6 necrophages
  3 elf zombies (Ossuary)
  4 gnoll sergeants
  8 bullfrogs
  8 scorpions
  3 earth elementals (Elf:1)
  A yaktaur skeleton (Crypt:1)
  11 wights
  2 cane toad simulacra (Lair:5)
  A glowing shapeshifter simulacrum (Vaults:3)
  An elephant simulacrum (Lair:5)
  2 lindwurm simulacra (IceCv)
  A raiju skeleton (Crypt:1)
  A shapeshifter skeleton (Crypt:1)
  5 howler monkeys
  2 electric eels (D:11)
  2 centaur zombies (Ossuary)
  5 jellies (Lair:5)
  3 gnoll boudas
  7 hounds
  31 orc priests
  3 iguanas
  26 orc wizards
  6 hell rats
  11 mummies
  27 gnolls
  8 adders
  11 river rats (Lair:5)
  2 white imps
  2 ufetubi (D:6)
  4 adder zombies (Ossuary)
  5 worms
  67 orcs
  2 ball pythons (D:3)
  3 bats
  7 endoplasms
  9 giant cockroaches
  11 goblins
  15 hobgoblins
  2 jackals (D:7)
  13 kobolds
  2 quokkas (D:1)
  2 frilled lizards
  8 hobgoblin zombies (Ossuary)
  A jackal skeleton (Crypt:2)
  A jackal zombie (Ossuary)
  7 kobold zombies (Ossuary)
  10 orc zombies (Ossuary)
  5 rats
  A rat zombie (Ossuary)
1540 creatures vanquished.

Vanquished Creatures (collateral kills)
  An acid dragon (D:10)
  2 orcs (D:7)
3 creatures vanquished.

Vanquished Creatures (others)
  2 dancing weapons (Elf:2)
  2 deep elf knights (Elf:2)
  A bog body (Swamp:4)
  A deep elf pyromancer (Elf:1)
  A deep elf zephyrmancer (Elf:2)
  A bloated husk (Swamp:2)
  A steam dragon (D:8)
  A swamp worm (Swamp:3)
  3 swamp drakes
  A hound (D:8)
  A quokka (D:8)
  12 foxfires
27 creatures vanquished.

Grand Total: 1570 creatures vanquished

Notes
Turn   | Place    | Note
-------+----------+-------------------------------------------
     0 | D:1      | RepHenryClay the Demigod Shapeshifter began the quest for
                  | the Orb.
     0 | D:1      | Reached XP level 1. HP: 15/15 MP: 3/3
   309 | D:1      | Reached XP level 2. HP: 21/22 MP: 4/4
  1226 | D:2      | Reached XP level 3. HP: 17/27 MP: 5/5
  1316 | D:2      | Found Gotsip's Assorted Antiques.
  1677 | D:3      | Found Doqayha's Antique Weapon Emporium.
  2088 | D:3      | Gained mutation: You have a pair of small antennae on your
                  | head. [potion of mutation]
  2088 | D:3      | Gained mutation: You occasionally lose the ability to read
                  | scrolls when taking damage. [potion of mutation]
  2088 | D:3      | Gained mutation: You are partially covered in iridescent
                  | scales. (AC +2) [potion of mutation]
  2093 | D:3      | Reached XP level 4. HP: 29/34 MP: 6/6
  2633 | D:3      | Reached XP level 5. HP: 14/39 MP: 7/7
  2970 | D:4      | Found Heufiv's Assorted Antiques.
  3198 | D:4      | Noticed an ogre
  3213 | D:4      | Killed an ogre
  3216 | D:4      | Reached XP level 6. HP: 16/46 MP: 8/8
  3836 | D:5      | Entered Level 5 of the Dungeon
  3860 | D:5      | Reached XP level 7. HP: 29/51 MP: 9/9
  3954 | D:5      | Reached skill level 5 in Unarmed Combat
  3973 | D:5      | Found a runed translucent gate.
  3973 | D:5      | Found a runed translucent gate.
  3974 | D:5      | Found a runed translucent gate.
  4458 | D:5      | Noticed a wraith
  4459 | D:5      | Noticed Dynojp's ghost (novice FoFi)
  4559 | D:2      | Bought a faintly glowing ring mail for 189 gold pieces
  4559 | D:2      | Identified the +3 ring mail of the Countless Princes {Will-
                  | Regen+ Int+6} (You bought it in a shop on level 2 of the
                  | Dungeon)
  4752 | D:6      | Lost mutation: You have a pair of small antennae on your
                  | head. [potion of mutation]
  4752 | D:6      | Lost mutation: You occasionally lose the ability to read
                  | scrolls when taking damage. [potion of mutation]
  4752 | D:6      | Gained mutation: You are weak. (Str -2) [potion of
                  | mutation]
  4752 | D:6      | Gained mutation: You are clumsy. (Dex -2) [potion of
                  | mutation]
  4765 | D:6      | Reached skill level 5 in Shapeshifting
  5759 | D:6      | Reached skill level 1 in Armour
  5759 | D:6      | Reached XP level 8. HP: 28/58 MP: 10/10
  5763 | D:6      | Noticed Blork the orc
  5776 | D:6      | Your ally Blork the orc died
  5777 | D:6      | Reached skill level 2 in Armour
  6368 | D:6      | Reached skill level 1 in Maces & Flails
  6451 | D:7      | Noticed Maggie
  6456 | D:7      | Noticed Pikel
  6458 | D:7      | Found Cef Pea's Distillery.
  6587 | D:6      | Reached skill level 3 in Armour
  7027 | D:7      | Found a staircase to the Ecumenical Temple.
  7066 | D:7      | Found Kupnej's Jewellery Shop.
  7130 | D:7      | Reached skill level 4 in Armour
  7196 | D:7      | Found Pirom's Armour Shoppe.
  7399 | D:7      | Upgraded the game from 0.31-a0-1206-g41278d8d1d to
                  | 0.31-a0-1227-g0136665373
  7416 | D:7      | Killed Pikel
  7636 | Temple   | Entered the Ecumenical Temple
  7773 | Temple   | Lost mutation: You are partially covered in iridescent
                  | scales. (AC +2) [potion of mutation]
  7773 | Temple   | Lost mutation: You are weak. (Str -2) [potion of mutation]
  7773 | Temple   | Lost mutation: You are clumsy. (Dex -2) [potion of
                  | mutation]
  7976 | D:8      | Found a large runed translucent door.
  7976 | D:8      | Found a large runed translucent door.
  7976 | D:8      | Noticed Amaemon
  7977 | D:8      | Noticed an orange demon
  7978 | D:8      | Noticed TransRights's ghost (novice MiBe)
  7989 | D:8      | Found Panuimpo's Practical Paraphernalia.
  8007 | D:8      | Killed an orange demon
  8008 | D:8      | Reached skill level 5 in Maces & Flails
  8008 | D:8      | Reached XP level 9. HP: 16/63 MP: 11/11
  8169 | D:9      | Found Xulioz's Weapon Emporium.
  8296 | D:8      | Found a sand-covered staircase.
  8301 | Ossuary  | Entered an ossuary
  9859 | D:8      | Noticed a two-headed ogre
  9871 | D:8      | Killed a two-headed ogre
 10130 | D:8      | Reached XP level 10. HP: 37/70 MP: 13/13
 10427 | D:8      | Killed Amaemon
 10909 | D:8      | Reached skill level 5 in Armour
 11209 | D:8      | Reached skill level 10 in Maces & Flails
 11368 | D:9      | Found a staircase to the Orcish Mines.
 11596 | D:9      | Noticed Psyche
 11620 | D:9      | Killed Psyche
 11886 | D:9      | Reached skill level 6 in Armour
 12438 | D:9      | Found Riphu's Jewellery Shop.
 12442 | D:9      | Found Fehuokel's Magic Scroll Emporium.
 12532 | D:10     | Entered Level 10 of the Dungeon
 12752 | D:10     | Reached skill level 1 in Fighting
 12772 | D:10     | Reached skill level 1 in Shields
 12904 | D:10     | Reached skill level 7 in Armour
 12943 | D:10     | Reached XP level 11. HP: 54/79 MP: 14/14
 13198 | D:10     | Found a staircase to the Lair.
 13693 | Lair:1   | Entered Level 1 of the Lair of Beasts
 14319 | Lair:1   | Reached skill level 8 in Armour
 15504 | Lair:2   | Found a hole to the Spider Nest.
 15541 | Lair:2   | Reached skill level 5 in Fighting
 15616 | Lair:2   | Reached skill level 5 in Shields
 15771 | Lair:2   | Reached skill level 9 in Armour
 16656 | Lair:3   | Reached XP level 12. HP: 79/94 MP: 15/15
 16799 | Lair:3   | Found a transporter.
 16834 | Lair:3   | Found a transporter.
 16915 | Lair:3   | Reached skill level 10 in Armour
 17383 | Lair:3   | Noticed a seven-headed hydra
 17401 | Lair:3   | Killed a seven-headed hydra
 17436 | Lair:3   | Found a staircase to the Swamp.
 17436 | Lair:3   | Noticed a four-headed hydra
 17443 | Lair:3   | Killed a four-headed hydra
 17586 | Lair:3   | Reached skill level 11 in Armour
 17971 | Lair:4   | Noticed a six-headed hydra
 17988 | Lair:4   | Killed a six-headed hydra
 18405 | Lair:4   | Reached skill level 12 in Armour
 18431 | Lair:4   | Noticed a six-headed hydra
 18899 | Lair:4   | Reached skill level 13 in Armour
 19159 | Lair:4   | Killed a six-headed hydra
 19160 | Lair:4   | Reached XP level 13. HP: 49/100 MP: 16/16
 19564 | Lair:5   | Entered Level 5 of the Lair of Beasts
 19743 | Lair:5   | Noticed a dire elephant
 19967 | Lair:5   | Reached skill level 14 in Armour
 20307 | D:7      | Bought the +8 chain mail of Pride {rPois} for 779 gold
                  | pieces
 20514 | Lair:5   | Reached skill level 5 in Dodging
 20706 | Lair:5   | Found a staircase to the Slime Pits.
 21110 | Lair:5   | Noticed a dire elephant
 21110 | Lair:5   | Noticed a dire elephant
 21681 | Orc:1    | Entered Level 1 of the Orcish Mines
 21779 | Orc:1    | Noticed JumbleTraveling's ghost (journeyman GnAr)
 21780 | Orc:1    | Found a runed translucent gate.
 21781 | Orc:1    | Found a runed translucent gate.
 21783 | Orc:1    | Found a runed translucent gate.
 22279 | Orc:2    | Entered Level 2 of the Orcish Mines
 22548 | Orc:1    | Reached skill level 15 in Armour
 23746 | Orc:2    | Found a staircase to the Elven Halls.
 24039 | Orc:2    | Found Zoanebouk's Magic Scroll Boutique.
 24039 | Orc:2    | Found Cyelonam's Jewellery Shop.
 24039 | Orc:2    | Found Aqang's Jewellery Boutique.
 24103 | Orc:2    | Found Qeereits's Weapon Shop.
 24256 | Orc:2    | Bought a scroll of blinking for 97 gold pieces
 24759 | D:5      | Killed Dynojp's ghost
 24916 | D:8      | Killed TransRights's ghost
 25304 | D:11     | Reached skill level 1 in Throwing
 25310 | D:11     | Reached XP level 14. HP: 106/107 MP: 17/17
 25573 | D:11     | Noticed Harold
 25586 | D:11     | Killed Harold
 25738 | D:9      | Bought the amulet of Saggaely {rPois rC+ Regen+} for 578
                  | gold pieces
 26546 | D:12     | Identified the +11 war axe "Peirgh" {flame, rF+ rC+ Str+2
                  | Dex+3}
 26614 | D:13     | Reached skill level 5 in Throwing
 27430 | D:14     | Noticed Kirke
 27483 | D:13     | Killed Kirke
 27573 | D:14     | Noticed Frances
 27604 | D:14     | Killed Frances
 27763 | D:14     | Found a gate to the Vaults.
 28271 | D:14     | Identified the ring "Poling" {Fly rC+}
 28313 | D:15     | Entered Level 15 of the Dungeon
 28318 | D:15     | Identified a scroll of acquirement
 28319 | D:15     | Acquired 999 gold pieces
 28555 | D:15     | Found Ceegioph's Self-Published Books.
 28723 | D:15     | Found a staircase to the Depths.
 29206 | D:4      | Bought a scroll of acquirement for 832 gold pieces
 29206 | D:4      | Acquired a +1 eveningstar of holy wrath
 29291 | D:7      | Bought a ring of willpower for 275 gold pieces
 30061 | Lair:5   | Reached XP level 15. HP: 117/117 MP: 18/18
 30069 | Lair:5   | Reached skill level 10 in Dodging
 30459 | Spider:1 | Entered Level 1 of the Spider Nest
 30588 | Spider:1 | Identified the +1 cloak "Maapt" {rC+ rN+ Regen+ Stlth+}
 30886 | Spider:1 | Learned a level 4 spell: Vhi's Electric Charge
 30889 | Spider:1 | Learned a level 2 spell: Lesser Beckoning
 31314 | Spider:2 | Reached skill level 10 in Throwing
 31330 | Spider:2 | Reached skill level 1 in Translocations
 31552 | D:15     | Bought Jessica's Tome of Apprentice Sorcery for 418 gold
                  | pieces
 31555 | D:15     | Learned a level 2 spell: Blink
 31802 | Spider:2 | Found a frozen archway.
 31836 | IceCv    | Entered an ice cave
 31870 | IceCv    | Found a transporter.
 31876 | IceCv    | Found a transporter.
 32013 | Spider:2 | Reached skill level 5 in Translocations
 33257 | Spider:2 | Reached skill level 1 in Air Magic
 33450 | Spider:3 | Reached XP level 16. HP: 126/126 MP: 19/19
 33633 | Spider:3 | Reached skill level 5 in Air Magic
 33915 | Spider:4 | Entered Level 4 of the Spider Nest
 33930 | Spider:3 | Reached skill level 16 in Armour
 34006 | Spider:3 | Reached skill level 1 in Evocations
 34539 | Spider:4 | Reached skill level 5 in Evocations
 34548 | Spider:4 | Noticed Nikola
 34704 | Swamp:1  | Entered Level 1 of the Swamp
 34923 | Swamp:1  | Noticed Josephine
 34935 | Swamp:1  | Killed Josephine
 36163 | Swamp:3  | Got the Guidebook on Sepulchral Electrocution
 36382 | Swamp:4  | Entered Level 4 of the Swamp
 36681 | Swamp:4  | Reached XP level 17. HP: 85/134 MP: 20/20
 36851 | Swamp:4  | Reached skill level 17 in Armour
 37031 | Swamp:4  | Got a decaying rune of Zot
 37420 | Vaults:1 | Entered Level 1 of the Vaults
 40053 | Vaults:2 | Found a staircase to the Crypt.
 40816 | Vaults:3 | Reached XP level 18. HP: 145/145 MP: 21/21
 41079 | Vaults:3 | Noticed a golden dragon
 41110 | Vaults:3 | Reached skill level 10 in Translocations
 41460 | Vaults:3 | Reached skill level 18 in Armour
 41461 | Vaults:3 | HP: 6/146 [yaktaur/bolt[a yaktaur captain] (12)]
 41462 | Vaults:3 | HP: 1/146 [poisoned by a vault warden]
 41810 | Elf:1    | Entered Level 1 of the Elven Halls
 41813 | Elf:1    | Paralysed by an air elemental for 1 turns
 41819 | Elf:1    | Paralysed by an air elemental for 1 turns
 41824 | Orc:2    | Paralysed by an air elemental for 1 turns
 42317 | Elf:1    | Found Ezu Vuck's Antique Armour Shoppe.
 42348 | Elf:1    | Bought a fine helmet for 294 gold pieces
 42348 | Elf:1    | Identified the +1 helmet of Limited Liability {Int+4} (You
                  | bought it in a shop on level 1 of the Elven Halls)
 42707 | Elf:1    | Reached skill level 10 in Fighting
 42784 | Elf:1    | Got the Handbook of the Throng
 43036 | Elf:2    | Found a runed translucent gate.
 43036 | Elf:2    | Found a runed translucent gate.
 43036 | Elf:2    | Found a runed translucent gate.
 43113 | Elf:2    | Paralysed by an air elemental for 1 turns
 43119 | Elf:2    | Paralysed by an air elemental for 1 turns
 43127 | Elf:1    | Paralysed by an air elemental for 1 turns
 44194 | Elf:2    | Identified the blade talisman "Xiest" {Fly Will- Dex+2}
 44407 | Elf:2    | Found Giucyg's Antique Weapon Emporium.
 44541 | Elf:3    | Entered Level 3 of the Elven Halls
 45058 | Spider:4 | Noticed Mara
 45269 | D:8      | Bought a ring of protection from fire for 375 gold pieces
 45707 | D:7      | Killed Maggie
 46094 | Orc:2    | Killed JumbleTraveling's ghost
 47000 | Vaults:2 | Reached XP level 19. HP: 156/156 MP: 22/22
 47918 | Vaults:4 | Found a transporter.
 47923 | Vaults:4 | Found a transporter.
 48106 | Vaults:4 | Found a portal to a secret trove of treasure.
 49263 | Vaults:4 | Identified the amulet of Orefong {Faith rElec rC- rN+
                  | rCorr}
 49826 | Crypt:1  | Entered Level 1 of the Crypt
 49869 | Vaults:2 | Reached skill level 15 in Maces & Flails
 50088 | Crypt:1  | Paralysed by a vampire knight for 2 turns
 50314 | Crypt:1  | Identified the +1 war axe of the Endless March {antimagic,
                  | Fly Int+4}
 51556 | Crypt:3  | Entered Level 3 of the Crypt
 51935 | Crypt:3  | Identified the ring "Xeamnien" {rC+ Will+ MP+9 Str+3}
 51993 | Crypt:3  | Got Kikubaaqudgha's Information on Spectres
 52069 | Crypt:3  | Found a staircase to the Tomb.
 52111 | Crypt:3  | Reached XP level 20. HP: 131/162 MP: 24/24
 52541 | Crypt:3  | Identified the ring of Bemube {rElec rN+ rCorr}
 52541 | Crypt:3  | Identified the ring "Ijiedeodu" {rPois rN+ rCorr Str+8
                  | Dex-4}
 52541 | Crypt:3  | Identified the ring "Fomp" {rC+ rN+ Int+3}
 52567 | Crypt:3  | Noticed Boris
 52588 | Crypt:3  | Killed Boris
 52864 | Crypt:3  | Reached skill level 15 in Dodging
 52872 | Crypt:3  | Noticed a dread lich
 52888 | Crypt:3  | Killed a dread lich
 52921 | Crypt:3  | Noticed an ancient lich
 52927 | Crypt:3  | Killed an ancient lich
 52938 | Crypt:3  | Identified the staff "Humitt" {^Fragile rPois Dex+2 SInv
                  | Hexes Poison}
 53107 | Crypt:3  | Learned a level 4 spell: Manifold Assault
 53564 | Spider:4 | Noticed RepHenryClay's illusion
 53828 | Spider:4 | Killed Mara
 53901 | Spider:4 | Killed from afar by Nikola

Illustrated notes

Levels and vault maps discovered:
D:1:      elethiomel_arrival_infinity_welcomes_careful_drivers,
          layout_loops_ring
D:2:      layout_basic, serial_shops, shop, hangedman_abyss_or_decor_lesser_grid
D:3:      layout_loops_corners, mainiacjoe_overflow_paths,
          mainiacjoe_overflow_alcove_2, zin_scriptorium,
          gammafunk_temple_overflow_forgotten, serial_shops, shop, serial_glass,
          glass_columns_b, glass_columns_a, glass_columns_a, minivault_19
D:4:      layout_gridville, serial_shops, nicolae_shop_tiny_real_fake_doors,
          hex_medium
D:5:      layout_cave_pools, grunt_dithmenos_smoke, ebering_ghost_gozag
D:6:      layout_basic, mainiacjoe_overflow_six_doors_small,
          mainiacjoe_overflow_alcove_4, serial_rivers,
          chequers_serial_rivers_small_a, chequers_serial_rivers_micro_d,
          chequers_serial_rivers_small_3, chequers_serial_rivers_room_b,
          chequers_serial_rivers_room_a, chequers_serial_rivers_large_a,
          palyth_stone_intersect, uniq_blork_the_orc
D:7:      layout_cave_pools, nzn_wu_jian_contemplation,
          overflow_temple_1_default, minmay_temple_entry_waves,
          serial_gnoll_camp, gnoll_camp_medium_02, gnoll_camp_mini_hut,
          gnoll_camp_huts_basic, gnoll_camp_mini_shop, gnoll_camp_mini_shop,
          gnoll_camp_mini_loothouse, serial_shops, kennysheep_mini,
          nicolae_tricolors, uniq_pikel, uniq_maggie
D:8:      black_bear_nest_2, layout_loops_cross, elyvilon_altar_4,
          enter_ossuary_2, ebering_ghost_disaster_area, nicolae_alphabet_shops,
          uniq_amaemon
D:9:      layout_basic, minmay_orc_entry_guard_dogs, serial_shops, shop,
          kennysheep_little_box, shop, enter_bailey_3, minmay_misc_feat_hallway,
          uniq_psyche
D:10:     layout_roguey, cheibrodos_ashenzari_chains, minmay_lair_entry_grove
D:11:     layout_basic, minmay_misc_feat_roman, nrook_guardian_serpent_double,
          uniq_harold
D:12:     layout_rooms
D:13:     layout_cave_pools, fedhas_altar_fruit_tree
D:14:     layout_stronghold, hellmonk_vaults_attempted_burglary,
          chequers_serial_rivers_room_b, uniq_kirke, uniq_frances
D:15:     grunt_enter_depths_hoard, layout_basic, nicolae_custom_books,
          bh_walls_and_bars
Temple:   nicolae_temple_bog_church
Lair:1:   layout_cave_pods, serial_bayou_shore_b, grunt_megastairs_1,
          serial_bayou_shore_b, infiniplex_staircase_pool_2
Lair:2:   layout_hall_layers, nicolae_spider_entry_non_spiders
Lair:3:   gammafunk_worm_tunnel, layout_hall_layers, palyth_hydra_swamp_entry,
          chequers_serial_rivers_room_a, grunt_megastairs_4
Lair:4:   layout_hall_layers, special_room [special_room_mythical_zoo],
          beast_lair_carwin_5, lemuel_fruit_tree, grunt_megastairs_5
Lair:5:   due_jungle_book, layout_cave_shapes, nicolae_slime_entry_field_trip,
          kennysheep_rathole, grunt_megastairs_3, serial_bayou_shore_b
Swamp:1:  layout_basic_swamp, evilmike_swamp_ruin_house_6, uniq_josephine
Swamp:2:  layout_basic_swamp, evilmike_swamp_ruin_rubble_1
Swamp:3:  layout_basic_swamp, evilmike_swamp_ruin_house_2
Swamp:4:  swamp, layout_basic_swamp, infiniplex_staircase_pool
Spider:1: layout_spider_delve, nicolae_spider_some_kinda_spiderbox
Spider:2: layout_cave_pods, portal_ice_cave_entry_pillars_four,
          hangedman_spider_tarantella_strand
Spider:3: layout_spider_delve
Spider:4: spider_rune_water, guppyfry_hornet_nest, uniq_nikola, uniq_mara
Orc:1:    layout_diamond_mine, gammafunk_ghost_split
Orc:2:    st_orc_mages, layout_caves
Elf:1:    nicolae_elf_arrival_aired_out, layout_geoelf_diagonals, serial_shops,
          nicolae_shop_statue_plus, minmay_elf_demonology
Elf:2:    nicolae_elf_blades_crystal_corner, layout_geoelf_octagon,
          serial_shops, shop, minivault_16
Elf:3:    minmay_elf_hall_four_x, layout_geoelf_diagonals, basic_altar,
          serial_sigils_hangedman_scar
Vaults:1: nicolae_vaults_offset_grid_hallway_3, vaults_mumra_hex,
          nicolae_vaults_angled_halls, v_misc_15, vaults_room_fours,
          nicolae_vaults_wine_cellar, nicolae_vaults_prndl,
          nicolae_vaults_house_1, layout_vaults_omnigrid
Vaults:2: nicolae_vaults_doubleplus_tesselated, ontoclasm_vaults_ring_square,
          minmay_crypt_entry_simple_box, nicolae_vaults_storage_closets_2,
          hangedman_vaults_hat, v_misc_30, nicolae_vaults_offset_grid_hallway_2,
          ontoclasm_vaults_shuriken, v_misc_16, nicolae_vaults_asterisk,
          vaults_mumra_chevron_long, layout_vaults_maze
Vaults:3: vaults_room_grid, serial_library_hellmonk_angled_corner,
          nicolae_vaults_little_squares_4, v_rooms_6, v_misc_18, v_misc_1,
          vaults_room_grid, vaults_room_ringed_pool, nicolae_vaults_triangles,
          nicolae_vaults_specimen_jars, layout_vaults_ring
Vaults:4: vaults_standard_mumra_x, v_misc_18, grunt_vaults_focal,
          gammafunk_the_bubble [the_bubble_gammafunk_crates],
          ontoclasm_vaults_idyll, v_misc_11, nicolae_vaults_sightless_eye,
          vaults_mumra_lcd, v_misc_3, vaults_dpeg_ring,
          nicolae_vaults_trapezoid_lopsided_1, layout_vaults_omnibox,
          enter_trove_5
Crypt:1:  layout_rooms, serial_library_hellmonk_angled_corner
Crypt:2:  layout_gridlike, minivault_14, grunt_ministairs_12, uniq_josephina
Crypt:3:  quadcrypt_mu, uniq_boris

Skill      XL: |  1  2  3  4  5  6  7  8  9 10 11 12 13 14 15 16 17 18 19 20 |
---------------+-------------------------------------------------------------+-----
Dodging        | 2 3 4 8 9 10 11 12 14 15 | 15.5
Unarmed Combat | 3 4 5 |  5.0
Shapeshifting  | 3 4 6 |  6.2
Armour         | 1 4 7 9 13 15 16 17 18 | 18.9
Maces & Flails | 5 9 10 11 12 16 | 16.0
Fighting       | 2 5 6 7 8 9 10 | 10.5
Shields        | 2 5 |  5.0
Throwing       | 1 8 10 | 10.0
Translocations | 8 9 10 | 10.7
Air Magic      | 3 5 7 8 |  8.0
Evocations     | 8 |  8.0

Action                     |  1- 3 |  4- 6 |  7- 9 | 10-12 | 13-15 | 16-18 | 19-21 || total
---------------------------+-------+-------+-------+-------+-------+-------+-------++-------
  Melee: Unarmed           |   147 |   132 |   133 |       |       |       |       ||   412
         Punch             |     3 |     6 |    20 |       |       |       |       ||    29
         Mace              |       |       |   666 |    13 |       |       |       ||   679
         Demon whip        |       |       |       |   824 |  2107 |  2545 |   465 ||  5941
         Eveningstar       |       |       |       |       |    27 |   209 |   729 ||   965
         War axe           |       |       |       |       |     8 |   129 |       ||   137
  Throw: Dart              |       |    15 |    28 |     1 |    11 |    14 |       ||    69
         Javelin           |       |       |       |       |     7 |       |       ||     7
   Cast: Blink             |       |       |       |       |     1 |     8 |     1 ||    10
         Lesser Beckoning  |       |       |       |       |       |     9 |     9 ||    18
         Vhi's Electric Ch |       |       |       |       |       |    27 |    18 ||    45
  Evoke: Wand              |       |     6 |    28 |     4 |     5 |     6 |       ||    49
         Condenser vane    |       |       |       |       |       |     2 |     1 ||     3
    Use: Potion            |     3 |       |     7 |     3 |     5 |     6 |       ||    24
         Scroll            |       |       |    19 |    12 |    14 |    22 |       ||    67
   Stab: Sleeping          |     1 |     2 |     1 |       |       |       |       ||     4
         Invisible         |       |       |     1 |     3 |       |       |       ||     4
         Confused          |       |       |       |       |       |     1 |       ||     1
 Armour: Animal skin       |    15 |       |       |       |       |       |       ||    15
         Leather armour    |    56 |    67 |    22 |       |       |       |       ||   145
         Skin              |     4 |       |    45 |       |       |       |       ||    49
         Scale mail        |       |       |   277 |   353 |    37 |       |       ||   667
         Ring mail         |       |       |   331 |       |       |       |       ||   331
         Chain mail        |       |       |       |       |   809 |  1409 |   501 ||  2719
  Dodge: Dodged            |    88 |    75 |   791 |   355 |  1172 |  2016 |   748 ||  5245
  Block: Buckler           |       |       |    43 |   176 |   516 |   791 |   257 ||  1783
         Form:             |       |       |     1 |       |       |       |       ||     1
         Flux              |       |       |     1 |       |       |       |       ||     1

Table legend: (Time is in decaauts)
 A = Elapsed time spent in this place.
 B = Non-inter-level travel time spent in this place.
 C = Inter-level travel time spent in this place.
 D = Time resting spent in this place.
 E = Time spent auto-exploring this place.
 F = Levels seen in this place.
 G = Mean time per level.
                   A        B        C        D        E       F      G
               +--------+--------+--------+--------+--------+-----+--------+
         Total |  51316 |  45588 |   5728 |   6852 |  26531 |  43 | 1193.4 |
       Dungeon |  18945 |  16049 |   2896 |   2666 |   9622 |  15 | 1263.0 |
        Temple |    235 |    235 |      0 |    223 |      0 |   1 |  235.0 |
          Lair |   8962 |   7640 |   1322 |    853 |   5169 |   5 | 1792.4 |
         Swamp |   2288 |   2208 |     80 |    182 |   1292 |   4 |  572.0 |
   Spider Nest |   4093 |   3723 |    370 |    593 |   1892 |   4 | 1023.2 |
  Orcish Mines |   3350 |   3076 |    274 |   1106 |   1063 |   2 | 1675.0 |
   Elven Halls |   2611 |   2487 |    124 |    223 |   1476 |   3 |  870.3 |
        Vaults |   7061 |   6594 |    467 |    986 |   3801 |   4 | 1765.2 |
         Crypt |   3238 |   3046 |    192 |     14 |   2081 |   3 | 1079.3 |
       Ossuary |    434 |    434 |      0 |      4 |    106 |   1 |  434.0 |
      Ice Cave |     94 |     94 |      0 |      0 |     28 |   1 |   94.0 |
               +--------+--------+--------+--------+--------+-----+--------+

Top non-repeatable levels by time:
     D:6: 2454 daAuts
Vaults:3: 2390 daAuts
  Lair:3: 2378 daAuts
     D:7: 2226 daAuts
  Lair:5: 2111 daAuts
   Orc:1: 2109 daAuts
Vaults:2: 1768 daAuts
  Lair:1: 1757 daAuts
     D:8: 1705 daAuts
Vaults:1: 1703 daAuts
 Crypt:3: 1605 daAuts
    D:10: 1562 daAuts
     D:9: 1489 daAuts
     D:3: 1394 daAuts
  Lair:2: 1368 daAuts
